Map: Frost LE

Players

MaSa

  • Race: Terran Terran

Major (SpeCial) - Winner!

  • Race: Terran Terran

Event: 2016 WCS Summer Circuit Championship (DH Montreal)

VOD

Have the link to the VOD?

Description

Time

  • Played on: Aug. 12, 2016, 5:39 p.m.
  • Length: 9:49

All games in this series

Show
View Real Time Build Order
Export as new Build Order

MaSa Terran 

Build Orders:  

Get SALT Encoding   

  12  0:00  SCV  
  13  0:12  SCV  
  14  0:17  Supply Depot  
  14  0:24  SCV  
  14  0:27  Refinery  
  15  0:38  SCV  
  16  0:44  Barracks  
  16  0:50  SCV  
  17  1:02  SCV  
  18  1:15  SCV  
  20  1:32  Reaper  
  20  1:33  Orbital Command  
  20  1:47  Command Center  
  20  2:01  Factory  
  20  2:02  SCV  
  20  2:05  Reaper  
  22  2:11  Supply Depot  
  22  2:14  SCV  
  23  2:19  Refinery  
  23  2:32  SCV  
  24  2:39  Barracks Reactor  
  24  2:44  SCV  
  24  2:45  Hellion  
  27  2:53  Starport  
  27  2:56  SCV  
  28  3:00  Refinery  
  28  3:01  Orbital Command  
  28  3:08  Factory Tech Lab, SCV  
  29  3:15  Marine x2  
  31  3:21  SCV  
  33  3:27  SCV  
  33  3:29  Viking  
  35  3:36  Cyclone  
  35  3:38  SCV  
  40  3:41  SCV  
  40  3:44  Supply Depot  
  40  3:48  Marine x2  
  43  3:52  SCV  
  43  3:54  SCV  
  41  4:04  SCV  
  41  4:08  SCV  
  43  4:16  SCV  
  42  4:21  Raven  
  42  4:22  Factory Tech Lab, Marine x2  
  46  4:26  SCV  
  46  4:30  SCV  
  47  4:38  SCV  
  48  4:40  Marine, Siege Tank  
  48  4:42  SCV  
  53  4:48  Engineering Bay  
  53  4:49  Supply Depot  
  53  4:51  SCV  
  54  5:11  SCV x2  
  54  5:14  Viking, Siege Tank  
  54  5:15  Viking  
  54  5:19  Missile Turret  
  58  5:23  SCV x2  
  58  5:26  Marine, Stimpack  
  61  5:35  SCV  
  62  5:40  Supply Depot  
  62  5:48  Barracks  
  62  5:49  Barracks  
  62  5:56  Supply Depot  
  62  6:02  Viking x2, Marine, SCV x2  
  69  6:11  Supply Depot  
  69  6:17  Siege Tank  
  72  6:21  SCV  
  72  6:22  Marine  
  72  6:24  Supply Depot  
  74  6:26  Terran Infantry Weapons Level 1  
  74  6:27  Refinery  
  74  6:32  Viking  
  76  6:38  Viking  
  76  6:45  Barracks Reactor  
  76  6:48  Missile Turret  
  76  6:53  Barracks Reactor  
  76  6:55  SCV  
  76  6:57  Barracks  
  76  6:58  Barracks  
  77  7:05  SCV  
  77  7:07  Siege Tank  
  77  7:08  SCV  
  81  7:11  Marine  
  82  7:17  SCV  
  82  7:22  Medivac  
  85  7:29  Marine  
  86  7:33  Marine x3  
  86  7:34  Marine  
  86  7:35  SCV  
  86  7:36  SCV  
  91  7:43  Siege Tank  
  92  7:46  Marine  
  92  7:47  SCV  
  92  7:49  SCV  
  86  7:51  Marine x3  
  86  7:52  Marine  
  86  7:53  Barracks Reactor  
  86  7:55  Marine  
  91  7:59  SCV  
  91  8:04  Marine  
  88  8:07  SCV  
  88  8:09  Marine x4  
  77  8:13  SCV  
  77  8:18  Viking  
  81  8:22  Marine  
  81  8:23  Viking  
  81  8:24  Barracks Reactor  
  81  8:27  Marine x3  
  83  8:28  Marine  
  85  8:37  Marine  
  85  8:38  Marine  
  85  8:40  Marine  
  86  8:42  Siege Tank  
  86  8:44  Marine  
  86  8:45  Marine  
  86  8:48  Medivac  
  93  8:52  Marine  
  94  8:58  Supply Depot  
  94  9:02  Medivac  
  94  9:10  Supply Depot  
  94  9:11  Supply Depot  
  94  9:20  Marine x4  
  94  9:23  Marine  
  101  9:25  Supply Depot  
  101  9:26  Supply Depot, Marine  
Show
View Real Time Build Order
Export as new Build Order

Major Terran - Winner!

Build Orders: Reaper Expand, Hellion Banshee 

Get SALT Encoding   

  12  0:00  SCV  
  13  0:12  SCV  
  14  0:18  Supply Depot  
  14  0:24  SCV  
  15  0:29  Refinery  
  15  0:40  SCV  
  16  0:45  Barracks  
  16  0:52  SCV  
  17  1:04  SCV  
  18  1:16  SCV  
  19  1:32  Reaper  
  19  1:33  Orbital Command  
  20  1:58  Command Center  
  20  2:00  SCV  
  21  2:05  Factory  
  21  2:08  Barracks Reactor  
  21  2:12  SCV  
  22  2:17  Supply Depot  
  22  2:24  SCV  
  23  2:37  SCV  
  23  2:47  Refinery  
  23  2:49  Starport, SCV  
  25  2:56  Hellion x2  
  28  3:02  SCV  
  29  3:10  Orbital Command  
  29  3:16  SCV  
  29  3:17  Hellion x2  
  34  3:27  Starport Tech Lab  
  34  3:28  SCV  
  35  3:36  SCV  
  35  3:39  Hellion x2  
  40  3:41  SCV  
  40  3:44  Supply Depot  
  40  3:48  SCV  
  42  3:50  Banshee  
  42  3:54  Cloaking Field  
  45  4:02  SCV  
  46  4:06  SCV  
  45  4:12  Factory Tech Lab  
  45  4:15  Marine x2  
  45  4:17  SCV  
  45  4:18  SCV  
  45  4:20  Supply Depot  
  46  4:30  SCV x2  
  46  4:31  Siege Tank  
  46  4:33  Marine  
  46  4:34  Marine  
  46  4:36  Banshee  
  54  4:42  SCV x2  
  54  4:43  Supply Depot  
  56  4:53  Command Center  
  56  4:54  Marine, SCV x2  
  56  4:55  Marine  
  60  5:06  Supply Depot, SCV x2  
  62  5:12  Marine x2  
  64  5:18  SCV  
  64  5:19  Raven  
  67  5:23  SCV  
  67  5:25  Refinery x2  
  65  5:30  Marine x2, SCV  
  65  5:32  Barracks  
  65  5:34  Supply Depot, Barracks  
  65  5:35  Siege Tank  
  71  5:38  SCV  
  72  5:49  SCV  
  73  5:50  SCV  
  73  5:53  Engineering Bay  
  73  5:54  Engineering Bay  
  74  5:57  Supply Depot  
  74  6:02  SCV x2  
  76  6:10  Siege Tank  
  79  6:14  Viking x2, Marine, SCV  
  79  6:18  SCV  
  87  6:22  Orbital Command  
  86  6:26  SCV  
  86  6:30  SCV  
  88  6:33  Terran Infantry Armor Level 1, Terran Infantry Weapons Level 1, Marine  
  88  6:35  Supply Depot  
  88  6:38  SCV  
  90  6:42  SCV  
  90  6:45  Viking x2  
  95  6:47  Barracks Reactor  
  95  6:48  Barracks Reactor  
  95  6:50  SCV  
  95  6:51  Marine, SCV  
  98  6:54  SCV  
  98  6:59  Supply Depot  
  99  7:02  Siege Tank, SCV  
  99  7:03  SCV  
  99  7:06  Missile Turret  
  103  7:09  Marine, Stimpack  
  104  7:18  Viking  
  104  7:19  Barracks x2  
  104  7:21  Viking  
  108  7:25  Marine x2  
  108  7:26  Supply Depot, Marine  
  108  7:28  Marine  
  112  7:32  SCV x3  
  112  7:35  Siege Tank  
  112  7:36  Marine  
  118  7:43  Marine x2  
  119  7:44  Marine  
  120  7:51  Marine  
  120  7:54  Marine  
  120  7:57  Viking x2  
  126  8:02  Marine x2  
  126  8:03  Marine  
  114  8:08  Siege Tank  
  114  8:09  Marine  
  114  8:12  Marine  
  107  8:17  Barracks Reactor x2  
  107  8:18  SCV x3  
  107  8:19  Marine  
  110  8:20  Marine, Refinery x2  
  110  8:21  Marine  
  110  8:26  Armory  
  110  8:27  Marine  
  110  8:36  SCV x2  
  110  8:37  Marine x2  
  110  8:38  Marine  
  110  8:40  Siege Tank  
  114  8:42  SCV  
  114  8:44  Marine x2  
  114  8:46  Medivac x2  
  118  8:48  SCV  
  118  8:55  Marine x3  
  118  8:56  Marine x2  
  118  8:57  Marine  
  118  8:58  Marine  
  118  9:02  Marine x2  
  122  9:05  SCV x2  
  120  9:13  Marine x3  
  120  9:14  Marine x3  
  120  9:16  Marine  
  127  9:20  Marine x2  
  129  9:31  Marine x3  
Tags
 
Add a new tag
Caveats
  • Supply blocks, unpowered buildings, or Contaminate may cause inaccurate times.
  • Supply counts are checked every 10 seconds.